 Dungeon Crawl Stone Soup version 0.30-b1-2-g02819fbbbe (webtiles) character file.

Game seed: 3789949885055630439

238 Fartwhistle the Skirmisher (level 6, 0/50 HPs)
             Began as a Gnoll Hunter on Sept 15, 2023.
             Slain by a scorpion (2 damage)
             ... on level 2 of the Dungeon.
             The game lasted 00:06:48 (3561 turns).

Fartwhistle the Skirmisher (Gnoll Hunter)           Turns: 3561, Time: 00:06:49

Health: 0/50       AC:  4    Str: 10    XL:     6   Next: 7%
Magic:  8/8        EV: 13    Int: 11    God:
Gold:   68         SH:  0    Dex: 15    Spells: 8/8 levels left

rFire   . . .        o - +6 mace of Gokkoro {speed, rElec}
rCold   . . .        (no shield)
rNeg    . . .        c - +0 leather armour
rPois   .            m - +1 hat
rElec   +            (no cloak)
rCorr   +            (no gloves)
SInv    .            (no boots)
Will    .....        (no amulet)
Stlth   ++           k - ring of resist corrosion
HPRegen 0.28/turn    q - ring of flight
MPRegen 0.11/turn

%: no passive effects
@: lethally poisoned (0 -> -12), flying
A: fangs 1, strong nose, distributed training
a: no special abilities


You were on level 2 of the Dungeon.
You visited 1 branch of the dungeon, and saw 4 of its levels.

You collected 174 gold pieces.
You spent 106 gold pieces at shops.

Inventory:

Hand Weapons
 a - a +0 shortbow
 o - the +6 mace of Gokkoro (weapon) {speed, rElec}
   (You found it on level 2 of the Dungeon)

   rElec:     It insulates you from electricity.
Missiles
 x - a boomerang
 y - 3 poisoned darts
Armour
 c - a +0 leather armour (worn)
 m - a +1 hat (worn)
Jewellery
 f - an amulet of guardian spirit
 k - a ring of resist corrosion (left hand)
 q - a ring of flight (right hand)
 u - a ring of fire
Scrolls
 b - 2 scrolls of immolation
 d - 2 scrolls of noise
 g - 2 scrolls of teleportation {unknown}
 n - a scroll of fog {unknown}
 p - a scroll of vulnerability {unknown}
 r - 2 scrolls of fear {unknown}
 t - a scroll of enchant weapon {unknown}
 v - a scroll of torment {unknown}
 w - a scroll of identify
 z - a scroll of blinking
Potions
 e - 2 potions of flight
 h - 2 potions of mutation {unknown}
 i - 2 potions of brilliance
 j - a potion of might
 l - 2 potions of curing {unknown}
 s - a potion of lignification


   Skills:
 + Level 4.9 Fighting
 + Level 1.8 Short Blades
 + Level 1.8 Long Blades
 + Level 1.8 Axes
 + Level 1.8 Maces & Flails
 + Level 1.8 Polearms
 + Level 1.8 Staves
 + Level 8.7 Ranged Weapons
 + Level 1.8 Throwing
 + Level 1.8 Armour
 + Level 4.9 Dodging
 + Level 3.0 Stealth
 + Level 1.8 Shields
 + Level 1.8 Unarmed Combat
 + Level 1.8 Spellcasting
 + Level 1.4 Conjurations
 + Level 1.4 Hexes
 + Level 1.4 Summonings
 + Level 1.4 Necromancy
 + Level 1.4 Translocations
 + Level 1.4 Transmutations
 + Level 1.4 Fire Magic
 + Level 1.4 Ice Magic
 + Level 1.4 Air Magic
 + Level 1.4 Earth Magic
 + Level 1.4 Poison Magic
 + Level 2.0 Invocations
 + Level 1.8 Evocations


You had 8 spell levels left.
You didn't know any spells.
Your spell library was empty.

Dungeon Overview and Level Annotations

Branches:
Dungeon (4/15)
 Temple: D:4-7

Altars:
Makhleb
Ru
Trog

Shops:
D:1 (*!(*

Annotations:
D:4 Dowan, Duvessa


Innate Abilities, Weirdness & Mutations

You have very sharp teeth.
Your uncanny sense of smell can sniff out nearby items.
Your experience applies equally to all skills.


Message History

Level annotation: Dowan, Duvessa The scorpion completely misses you.
The gnoll barely misses you.
The scorpion stings you but does no damage.
The gnoll hits you with a +0 flail.
There is a stone staircase leading up, spattered with blood here.
Unknown command.
The gnoll hits you from afar with a +0 halberd!
The scorpion stings you. The gnoll hits you with a +0 flail.
You fly upwards.
There is a stone staircase leading down here.
Things that are here:
a +0 leather armour; a +0 whip; a gnoll corpse The gnoll attacks as you move away!
The gnoll closely misses you. The scorpion stings you.
There is a stone staircase leading up here.
The scorpion misses you. The gnoll hits you with a +0 flail.
You fly upwards.
There is a stone staircase leading down here.
You barely miss the scorpion. The scorpion misses you.
The gnoll barely misses you.
Unknown command.
You hit the scorpion. Your bite misses the scorpion.
The scorpion is moderately wounded.
The scorpion misses you. The gnoll closely misses you. The scorpion stings you.
You are poisoned.
The scorpion poisons you!
You hit the scorpion.
The scorpion is heavily wounded.
You feel very sick. The scorpion stings you.
* * * LOW HITPOINT WARNING * * *
You are lethally poisoned!
The scorpion poisons you!
You barely miss the gnoll.
* * * LOW HITPOINT WARNING * * *
You feel very sick. The gnoll hits you with a +0 flail!
* * * LOW HITPOINT WARNING * * *
The scorpion stings you.
You die...

######### #######.......#
#.......#####.##########
#.####..#####.##.......#
#.##................##.#
#....#..#####.##)##.##.#
#.......#####.##....##.#
#.#####..g@s..##.#####.#
#.# ##########.#####.#
#####.## ########
#.......# #......#
#......# #.#######
#.##.#.####......# #.#
#....#...##......# #)#
#..#####.##......# #.#
#....#...##......###.#
#....#.####..).......####


You could see a scorpion and a gnoll.

Vanquished Creatures
  A gnoll bouda (D:3)
  2 orc wizards (D:3)
  3 adders
  2 gnolls (D:4)
  2 worms (D:2)
  2 dart slugs (D:1)
  13 orcs
  6 ball pythons
  4 endoplasms
  6 giant cockroaches
  11 goblins
  6 hobgoblins
  9 jackals
  5 kobolds
  A quokka (D:1)
  7 bats
  A frilled lizard (D:2)
  4 rats
85 creatures vanquished.

Notes
Turn   | Place    | Note
-------+----------+-------------------------------------------
     0 | D:1      | Fartwhistle the Gnoll Hunter began the quest for the Orb.
     0 | D:1      | Reached XP level 1. HP: 20/20 MP: 1/1
     1 | D:1      | Found Oqufos's Distillery.
    49 | D:1      | Reached XP level 2. HP: 26/26 MP: 2/2
    91 | D:1      | Found Bamo's Weapon Shop.
   129 | D:1      | Found Kamu's General Store.
   138 | D:1      | Bought a scroll of identify for 24 gold pieces
   197 | D:1      | Found a faded altar of an unknown god.
   746 | D:1      | Found Xuukos's General Store.
   749 | D:1      | Reached XP level 3. HP: 31/31 MP: 3/3
   774 | D:1      | Found Dol Ton's Antique Weapon Boutique.
  1045 | D:2      | Reached skill level 1 in Invocations
  1192 | D:2      | Reached skill level 1 in Short Blades
  1192 | D:2      | Reached skill level 1 in Long Blades
  1192 | D:2      | Reached skill level 1 in Axes
  1192 | D:2      | Reached skill level 1 in Maces & Flails
  1192 | D:2      | Reached skill level 1 in Polearms
  1192 | D:2      | Reached skill level 1 in Staves
  1192 | D:2      | Reached skill level 1 in Throwing
  1192 | D:2      | Reached skill level 1 in Armour
  1192 | D:2      | Reached skill level 1 in Shields
  1192 | D:2      | Reached skill level 1 in Unarmed Combat
  1192 | D:2      | Reached skill level 1 in Spellcasting
  1192 | D:2      | Reached skill level 1 in Evocations
  1304 | D:2      | Reached XP level 4. HP: 38/38 MP: 5/5
  1320 | D:2      | Identified the +6 mace of Gokkoro {speed, rElec}
  1829 | D:3      | Reached skill level 1 in Conjurations
  1829 | D:3      | Reached skill level 1 in Hexes
  1829 | D:3      | Reached skill level 1 in Summonings
  1829 | D:3      | Reached skill level 1 in Necromancy
  1829 | D:3      | Reached skill level 1 in Translocations
  1829 | D:3      | Reached skill level 1 in Transmutations
  1829 | D:3      | Reached skill level 1 in Fire Magic
  1829 | D:3      | Reached skill level 1 in Ice Magic
  1829 | D:3      | Reached skill level 1 in Air Magic
  1829 | D:3      | Reached skill level 1 in Earth Magic
  1829 | D:3      | Reached skill level 1 in Poison Magic
  2007 | D:3      | Reached XP level 5. HP: 40/43 MP: 5/7
  2299 | D:3      | Found a sacrificial altar of Ru.
  2304 | D:3      | Found a burning altar of Makhleb.
  2304 | D:3      | Found a bloodstained altar of Trog.
  2567 | D:1      | Bought a scroll of blinking for 82 gold pieces
  2670 | D:4      | Noticed Duvessa
  2670 | D:4      | Noticed Dowan
  3376 | D:3      | Reached XP level 6. HP: 6/50 MP: 8/8
  3561 | D:2      | HP: 2/50 [gnoll/+0 flail[a gnoll bouda] (8)]
  3561 | D:2      | Slain by a scorpion

Illustrated notes

Levels and vault maps discovered:
D:1:      minmay_arrival_semitransparent, layout_basic, basic_ecumenical_altar,
          serial_shops, shop, nicolae_shop_window_shopping,
          nicolae_shop_crystal, shop, shop
D:2:      layout_loops_cross, amcnicky_mini_rare_corridor_liquid
D:3:      layout_rooms, grunt_temple_overflow_open
D:4:      layout_gridville, st_stairs_5, uniq_duvessa

Skill      XL: |  1  2  3  4  5 |
---------------+----------------+-----
Invocations    | 1 2 |  2.0
Short Blades   | 1 |  1.8
Long Blades    | 1 |  1.8
Axes           | 1 |  1.8
Maces & Flails | 1 |  1.8
Polearms       | 1 |  1.8
Staves         | 1 |  1.8
Throwing       | 1 |  1.8
Armour         | 1 |  1.8
Shields        | 1 |  1.8
Unarmed Combat | 1 |  1.8
Spellcasting   | 1 |  1.8
Evocations     | 1 |  1.8
Conjurations   | 1 |  1.4
Hexes          | 1 |  1.4
Summonings     | 1 |  1.4
Necromancy     | 1 |  1.4
Translocations | 1 |  1.4
Transmutations | 1 |  1.4
Fire Magic     | 1 |  1.4
Ice Magic      | 1 |  1.4
Air Magic      | 1 |  1.4
Earth Magic    | 1 |  1.4
Poison Magic   | 1 |  1.4
Stealth        | 3 |  3.0
Fighting       | |  4.9
Ranged Weapons | |  8.7
Dodging        | |  4.9

Action                     |  1- 3 |  4- 6 || total
---------------------------+-------+-------++-------
  Melee: Mace              |       |    30 ||    30
         Bite              |       |     4 ||     4
         Punch             |       |     1 ||     1
   Fire: Shortbow          |    88 |   111 ||   199
    Use: Scroll            |     2 |       ||     2
         Potion            |       |     2 ||     2
 Armour: Leather armour    |     8 |    14 ||    22
         Skin              |       |     5 ||     5
  Dodge: Dodged            |    21 |    56 ||    77
